BSA
VISTA PANTHERS @ CHICAGO MACHINE
04/28/2028
 
TOP OF THE 1ST
Vista Panthers batting - Pitching for Chicago Machine : RHP Aaron Thrash
Pitching: RHP Aaron Thrash
Batting: LHB Francisco Marino 0-0: Called Strike
0-1: Ball
1-1: Ball
2-1: Swinging Strike
2-2: Strikes out swinging
Batting: SHB Mark Wells 0-0: Ball
1-0: Fly out, F8 (Flyball, 8RM)
Batting: LHB Dante Owens 0-0: Called Strike
0-1: Foul Ball, location: 2F
0-2: Ball
1-2: Ball
2-2: Ball
3-2: Fly out, F7 (Flyball, 78S)
Top of the 1st over - 0 run(s), 0 hit(s), 0 error(s), 0 left on base; Vista 0 - Chicago 0
BOTTOM OF THE 1ST
Chicago Machine batting - Pitching for Vista Panthers : RHP Randy Mailman
Pitching: RHP Randy Mailman
Batting: RHB Lorenzo Guzmán 0-0: Foul Ball, location: 2F
0-1: Ground out 6-3 (Groundball, 6)
Batting: SHB Edward Bartlett 0-0: Ground out U3 (Groundball, 34S)
Batting: RHB Doug Stephens 0-0: Swinging Strike
0-1: Fly out, F8 (Flyball, 78D)
Bottom of the 1st over - 0 run(s), 0 hit(s), 0 error(s), 0 left on base; Vista 0 - Chicago 0
TOP OF THE 2ND
Vista Panthers batting - Pitching for Chicago Machine : RHP Aaron Thrash
Batting: LHB Juan Cortés 0-0: Ball
1-0: SINGLE (Line Drive, 8LS)
Batting: LHB Bob Cunningham 0-0: Swinging Strike
0-1: Foul Ball, location: 2F
0-2: Ball
1-2: Foul Ball, location: 2F
1-2: Foul Ball, location: 2F
1-2: Foul Ball, location: 2F
1-2: Foul Ball, location: 2F
1-2: Strikes out looking
Batting: RHB Cisco Gatán 0-0: Foul Ball, location: 2F
0-1: Ball
1-1: Ball
2-1: Ball
3-1: Fly out, F7 (Line Drive, 7D)
Batting: LHB Noriaki Sangi 0-0: Called Strike
0-1: Ball
1-1: Fly out, F8 (Flyball, 8RS)
Top of the 2nd over - 0 run(s), 1 hit(s), 0 error(s), 1 left on base; Vista 0 - Chicago 0
BOTTOM OF THE 2ND
Chicago Machine batting - Pitching for Vista Panthers : RHP Randy Mailman
Batting: SHB José Alomar 0-0: Ground out 1-3 (Groundball, 13)
Batting: LHB Bernardo Montés 0-0: Called Strike
0-1: Ball
1-1: Ball
2-1: DOUBLE (Line Drive, 89XD)
Batting: RHB Roberto Tobías 0-0: Called Strike
0-1: Foul Ball, location: 2F
0-2: Ball
1-2: Fly out, F8 (Line Drive, 8LXD)
Runner from 2nd tags up, SAFE at 3rd, no throw
Batting: SHB Joaquín López 0-0: Ground out 1-3 (Groundball, 15S)
Bottom of the 2nd over - 0 run(s), 1 hit(s), 0 error(s), 1 left on base; Vista 0 - Chicago 0
TOP OF THE 3RD
Vista Panthers batting - Pitching for Chicago Machine : RHP Aaron Thrash
Batting: RHB Justin Burgess 0-0: Swinging Strike
0-1: Ball
1-1: SINGLE (Flyball, 8LS)
Batting: LHB Brent Alonzo 0-0: Foul Ball, location: 2F
0-1: Ball
1-1: Ball
2-1: Grounds into double play, 6-4-3 (Groundball, 56)
Batting: LHB Francisco Marino 0-0: Called Strike
0-1: SINGLE (Line Drive, 34)
Batting: SHB Mark Wells 0-0: Ball
1-0: Ball
2-0: Foul Ball, location: 2F
2-1: Foul Ball, location: 2F
2-2: Ground out 1-3 (Groundball, 13)
Top of the 3rd over - 0 run(s), 2 hit(s), 0 error(s), 1 left on base; Vista 0 - Chicago 0
BOTTOM OF THE 3RD
Chicago Machine batting - Pitching for Vista Panthers : RHP Randy Mailman
Batting: SHB Lee Townsend 0-0: Ground out U3 (Groundball, 3S)
Batting: SHB Jesús Ramírez 0-0: Ball
1-0: Foul Ball, location: 2F
1-1: Called Strike
1-2: Ball
2-2: Fly out, F8 (Flyball, 8RM)
Batting: RHB Lorenzo Guzmán 0-0: Ball
1-0: Swinging Strike
1-1: Foul Ball, location: 2F
1-2: Strikes out swinging
Bottom of the 3rd over - 0 run(s), 0 hit(s), 0 error(s), 0 left on base; Vista 0 - Chicago 0
TOP OF THE 4TH
Vista Panthers batting - Pitching for Chicago Machine : RHP Aaron Thrash
Batting: LHB Dante Owens 0-0: Ball
1-0: Foul Ball, location: 2F
1-1: Ball
2-1: Ball
3-1: Foul Ball, location: 2F
3-2: Fly out, F6 (Line Drive, 6D)
Batting: LHB Juan Cortés 0-0: Called Strike
0-1: Ball
1-1: Called Strike
1-2: Strikes out swinging, 2-3 out at first.
Batting: LHB Bob Cunningham 0-0: Ground out 4-3 (Groundball, 34)
Top of the 4th over - 0 run(s), 0 hit(s), 0 error(s), 0 left on base; Vista 0 - Chicago 0
BOTTOM OF THE 4TH
Chicago Machine batting - Pitching for Vista Panthers : RHP Randy Mailman
Batting: SHB Edward Bartlett 0-0: Called Strike
0-1: Ball
1-1: Ball
2-1: Ground out U3 (Groundball, 3L)
Batting: RHB Doug Stephens 0-0: Ball
1-0: Fly out, F7 (Flyball, 7S)
Batting: SHB José Alomar 0-0: Ground out 3-1 (Groundball, 34)
Bottom of the 4th over - 0 run(s), 0 hit(s), 0 error(s), 0 left on base; Vista 0 - Chicago 0
TOP OF THE 5TH
Vista Panthers batting - Pitching for Chicago Machine : RHP Aaron Thrash
Batting: RHB Cisco Gatán 0-0: Called Strike
0-1: Ball
1-1: Foul Ball, location: 2F
1-2: Ball
2-2: Foul Ball, location: 2F
2-2: DOUBLE (Line Drive, 8LD)
Batting: LHB Noriaki Sangi 0-0: DOUBLE (Line Drive, 89M)
Cisco Gatán scores
Batting: RHB Justin Burgess 0-0: Ground out 4-3 (Groundball, 4M)
Noriaki Sangi to third
Batting: LHB Brent Alonzo 0-0: Ball
1-0: Ball
2-0: Fly out, F7 (Line Drive, 78M)
Runner from 3rd tags up, SCORES, throw made
Batting: LHB Francisco Marino 0-0: Called Strike
0-1: Ball
1-1: Foul Ball, location: 2F
1-2: Ball
2-2: Ground out 6-3 (Groundball, 6S)
Top of the 5th over - 2 run(s), 2 hit(s), 0 error(s), 0 left on base; Vista 2 - Chicago 0
BOTTOM OF THE 5TH
Chicago Machine batting - Pitching for Vista Panthers : RHP Randy Mailman
Batting: LHB Bernardo Montés 0-0: Foul Ball, location: 2F
0-1: SINGLE (Groundball, 4D)
Batting: RHB Roberto Tobías 0-0: Ball
1-0: Ball
2-0: Called Strike
2-1: Fly out, F7 (Flyball, 7D)
Batting: SHB Joaquín López 0-0: Called Strike
0-1: Ball
1-1: Ball
2-1: Ground out 4-3 (Groundball, 4S)
Bernardo Montés to second
Batting: SHB Lee Townsend 0-0: Ball
1-0: Ball
2-0: Ball
3-0: Called Strike
3-1: Foul Ball, location: 2F
3-2: Foul Ball, location: 2F
3-2: Fly out, F7 (Flyball, 7D)
Bottom of the 5th over - 0 run(s), 1 hit(s), 0 error(s), 1 left on base; Vista 2 - Chicago 0
TOP OF THE 6TH
Vista Panthers batting - Pitching for Chicago Machine : RHP Aaron Thrash
Batting: SHB Mark Wells 0-0: Foul Ball, location: 2F
0-1: Ground out 5-3 (Groundball, 5D)
Batting: LHB Dante Owens 0-0: Ball
1-0: Foul Ball, location: 2F
1-1: Foul Ball, location: 2F
1-2: Ground out 4-3 (Groundball, 34)
Batting: LHB Juan Cortés 0-0: Ball
1-0: Ball
2-0: Swinging Strike
2-1: Fly out, F7 (Flyball, 7)
Top of the 6th over - 0 run(s), 0 hit(s), 0 error(s), 0 left on base; Vista 2 - Chicago 0
BOTTOM OF THE 6TH
Chicago Machine batting - Pitching for Vista Panthers : RHP Randy Mailman
Batting: SHB Jesús Ramírez 0-0: Ball
1-0: Called Strike
1-1: Bunt missed!
1-2: Ball
2-2: Foul Ball, location: 2F
2-2: Ball
3-2: Foul Ball, location: 2F
3-2: Fly out, F8 (Flyball, 8RM)
Batting: RHB Lorenzo Guzmán 0-0: Reached on error, E4 (Groundball, 4)
Batting: SHB Edward Bartlett 0-0: Called Strike
0-1: Ground out U3 (Groundball, 34)
Lorenzo Guzmán to second
Batting: RHB Doug Stephens 0-0: Called Strike
0-1: Called Strike
0-2: Strikes out swinging
Bottom of the 6th over - 0 run(s), 0 hit(s), 1 error(s), 1 left on base; Vista 2 - Chicago 0
TOP OF THE 7TH
Vista Panthers batting - Pitching for Chicago Machine : RHP Aaron Thrash
Batting: LHB Bob Cunningham 0-0: Called Strike
0-1: Ball
1-1: Ball
2-1: Foul Ball, location: 2F
2-2: Foul Ball, location: 2F
2-2: Strikes out swinging
Batting: RHB Cisco Gatán 0-0: Called Strike
0-1: Foul Ball, location: 2F
0-2: Ball
1-2: Ball
2-2: Foul Ball, location: 2F
2-2: Foul Ball, location: 2F
2-2: Ground out 6-3 (Groundball, 6)
Batting: LHB Noriaki Sangi 0-0: DOUBLE (Line Drive, 9LM)
Batting: RHB Justin Burgess 0-0: Foul Ball, location: 2F
0-1: Fly out, F8 (Line Drive, 8RM)
Top of the 7th over - 0 run(s), 1 hit(s), 0 error(s), 1 left on base; Vista 2 - Chicago 0
BOTTOM OF THE 7TH
Chicago Machine batting - Pitching for Vista Panthers : RHP Randy Mailman
Batting: SHB José Alomar 0-0: Ground out 6-3 (Groundball, 6)
Batting: LHB Bernardo Montés 0-0: Foul Ball, location: 2F
0-1: Foul Ball, location: 2F
0-2: Foul Ball, location: 2F
0-2: Fly out, F5 (Popup, 5S)
Batting: RHB Roberto Tobías 0-0: Swinging Strike
0-1: Ball
1-1: Foul Ball, location: 2F
1-2: Foul Ball, location: 2F
1-2: Strikes out swinging
Bottom of the 7th over - 0 run(s), 0 hit(s), 0 error(s), 0 left on base; Vista 2 - Chicago 0
TOP OF THE 8TH
Vista Panthers batting - Pitching for Chicago Machine : RHP Aaron Thrash
Batting: LHB Brent Alonzo 0-0: Called Strike
0-1: Ball
1-1: Called Strike
1-2: Strikes out swinging wild pitch, reaches first!
Batting: LHB Francisco Marino 0-0: Bunt missed!
0-1: Ball
1-1: Sac Bunt - play at first, batter OUT! 2-4
Brent Alonzo to second
Batting: SHB Mark Wells 0-0: Ball
1-0: 2-RUN HOME RUN (Flyball, 89XD), Distance : 427 ft
Batting: LHB Dante Owens 0-0: DOUBLE (Flyball, 7D)
Batting: LHB Juan Cortés 0-0: Intentional Walk
Batting: LHB Bob Cunningham 0-0: Foul Ball, location: 2F
0-1: Called Strike
0-2: Ball
1-2: Ball
2-2: Reached on error, E3 (Groundball, 3)
Dante Owens to third
Juan Cortés to second
Pitching: RHP Pedro Mendoza
Batting: RHB Cisco Gatán 0-0: Swinging Strike
0-1: Ball
1-1: Ball
2-1: Foul Ball, location: 2F
2-2: Ball
3-2: Fly out, F8 (Flyball, 8LM)
Runner from 3rd tags up, SCORES, no throw
Batting: LHB Noriaki Sangi 0-0: Ball
1-0: Foul Ball, location: 2F
1-1: Called Strike
1-2: Fly out, F9 (Flyball, 89M)
Top of the 8th over - 3 run(s), 2 hit(s), 1 error(s), 2 left on base; Vista 5 - Chicago 0
BOTTOM OF THE 8TH
Chicago Machine batting - Pitching for Vista Panthers : RHP Randy Mailman
Now in LF: Phil Matthews
Batting: SHB Joaquín López 0-0: Ball
1-0: Foul Ball, location: 2F
1-1: Ball
2-1: Foul Ball, location: 2F
2-2: Foul Ball, location: 2F
2-2: Foul Ball, location: 2F
2-2: SINGLE (Line Drive, 4MD)
Batting: SHB Lee Townsend 0-0: Ball
1-0: Foul Ball, location: 2F
1-1: Fly out, F8 (Flyball, 8RD)
Batting: SHB Jesús Ramírez 0-0: Called Strike
0-1: Foul Ball, location: 2F
0-2: Ball
1-2: Strikes out looking
Batting: RHB Lorenzo Guzmán 0-0: Ball
1-0: Ball
2-0: Foul Ball, location: 2F
2-1: Ball
3-1: Foul Ball, location: 2F
3-2: Ground out 6-3 (Groundball, 6)
Bottom of the 8th over - 0 run(s), 1 hit(s), 0 error(s), 1 left on base; Vista 5 - Chicago 0
TOP OF THE 9TH
Vista Panthers batting - Pitching for Chicago Machine : RHP Pedro Mendoza
Batting: RHB Justin Burgess 0-0: Called Strike
0-1: Swinging Strike
0-2: DOUBLE (Groundball, 5L)
Batting: LHB Brent Alonzo 0-0: Ball
1-0: 2-RUN HOME RUN (Flyball, 8LXD), Distance : 428 ft
Batting: LHB Francisco Marino 0-0: Ball
1-0: Swinging Strike
1-1: Called Strike
1-2: Strikes out swinging
Batting: SHB Mark Wells 0-0: Ball
1-0: Ball
2-0: Ball
3-0: Called Strike
3-1: Called Strike
3-2: Base on Balls
Batting: RHB Phil Matthews 0-0: Foul Ball, location: 2F
0-1: Called Strike
0-2: Foul Ball, location: 2F
0-2: Ball
1-2: Strikes out swinging
Batting: LHB Juan Cortés 0-0: Called Strike
0-1: Ball
1-1: Swinging Strike
1-2: Foul Ball, location: 2F
1-2: SINGLE (Line Drive, 56D)
Mark Wells to second
Mark Wells to third
Batting: LHB Bob Cunningham 0-0: Ball
1-0: Ground out U3 (Groundball, 3)
Top of the 9th over - 2 run(s), 3 hit(s), 0 error(s), 2 left on base; Vista 7 - Chicago 0
BOTTOM OF THE 9TH
Chicago Machine batting - Pitching for Vista Panthers : RHP Randy Mailman
Batting: SHB Edward Bartlett 0-0: Called Strike
0-1: Ball
1-1: Fly out, F6 (Line Drive, 6)
Batting: RHB Doug Stephens 0-0: Ball
1-0: Foul Ball, location: 2F
1-1: Foul Ball, location: 2F
1-2: Foul Ball, location: 2F
1-2: Fly out, F9 (Flyball, 9LM)
Batting: SHB José Alomar 0-0: Called Strike
0-1: Ball
1-1: Fly out, F8 (Flyball, 8RM)
Bottom of the 9th over - 0 run(s), 0 hit(s), 0 error(s), 0 left on base; Vista 7 - Chicago 0
Tuesday, August 8th, 2017 - OOTP Baseball 17.12 Build 75